 Dungeon Crawl Stone Soup version 0.28-a0-309-gf6d37e6e1d (webtiles) character file.

Game seed: 17832485709380800382

193875 GordonOverkill the Earth Mage (level 17, -20/127 HPs)
             Began as a Felid Necromancer on Aug 28, 2021.
             Was the Champion of Ashenzari.
             Shot with a bolt by a yaktaur (32 damage)
             ... led by a vault warden
             ... on level 4 of the Vaults on Aug 30, 2021.
             The game lasted 02:56:20 (87020 turns).

GordonOverkill the Earth Mage (Felid Necromancer)  Turns: 87020, Time: 02:56:21

Health: -20/127    AC: 16    Str: 14    XL:     17   Next: 65%
Magic:  4/37       EV: 11    Int: 29    God:    Ashenzari [******]
Gold:   2175       SH:  0    Dex: 18    Spells: 3/47 levels left
                                        Lives:  0   Deaths: 5

rFire   + + +      SeeInvis +     - Unarmed
rCold   . . .      Faith    .   (shield unavailable)
rNeg    . . .      Spirit   .   (armour unavailable)
rPois   +          Reflect  .   (helmet unavailable)
rElec   +          Harm     .   (cloak unavailable)
rCorr   +          Rampage  .   (gloves unavailable)
Will    ++...      Clarity  +   (boots unavailable)
Stlth   ++........              e - amulet of the Fated Scepticism {RegenMP, Elem, Melee} (curse)
HPRegen 0.31/turn               l - ring "All-seeing Oblivion" {rElec rPois rF+ rCorr Int+6, Elem, Bglg} (curse)
MPRegen 0.50/turn               k - ring "Ruined With Me" {rC+, Alch, Self} (curse)

@: dragon-form, flying
A: dragon claw, dragon scales, breathe fire, flying, boosted hp, giant, (claws
1), (fangs 3), see invisible, (speed 1), (shaggy fur 3), (stealthy paws), no
weapons or thrown items, no armour, multi-lived
}: 1/15 runes: gossamer
a: Breathe Fire, End Transformation, Renounce Religion, Shatter the Chains


You were on level 4 of the Vaults.
You worshipped Ashenzari.
Ashenzari was exalted by your worship.
You were a fearsome dragon!
You visited 6 branches of the dungeon, and saw 32 of its levels.
You also visited: Sewer and Wizlab.

You collected 5073 gold pieces.
You spent 2898 gold pieces at shops.

Inventory:

Jewellery
 e - the cursed amulet of the Fated Scepticism (around neck) {RegenMP, Elem, Melee}
   (You acquired it on level 3 of the Spider Nest)

   [amulet of magic regeneration]

   It increases your rate of magic regeneration.
   It has a curse which improves the following skills: Elements: Fire Magic, Ice
   Magic, Air Magic and Earth Magic.
   Melee Combat: Unarmed Combat.
 k - the cursed ring "Ruined With Me" (right foreclaw) {rC+, Alch, Self}
   (You found it on level 4 of the Dungeon)

   [ring of protection from cold]

   rC:        It protects you from cold.
   It has a curse which improves the following skills: Alchemy: Poison Magic and
   Transmutations.
   Introspection: Fighting and Spellcasting.
 l - the cursed ring "All-seeing Oblivion" (left foreclaw) {rElec rPois rF+ rCorr Int+6, Elem, Bglg}
   (You acquired it on level 4 of the Dungeon)

   [ring of intelligence]

   Int:       It affects your intelligence (+6).
   rF:        It protects you from fire.
   rElec:     It insulates you from electricity.
   rPois:     It protects you from poison.
   rCorr:     It protects you from acid and corrosion.
   It has a curse which improves the following skills: Elements: Fire Magic, Ice
   Magic, Air Magic and Earth Magic.
   Beguiling: Conjurations, Hexes and Translocations.
 m - a ring of willpower
 y - an amulet of reflection
 A - a ring of flight
 C - a ring of fire
 G - a +4 ring of evasion
 O - a ring of magical power
 Q - the amulet of Omoyg {Acrobat *Corrode rElec Int+4}
   (You found it on level 3 of the Vaults)

   [amulet of the acrobat]

   It increases your evasion while moving and waiting.
   Int:       It affects your intelligence (+4).
   rElec:     It insulates you from electricity.
   *Corrode:  It may corrode you when you take damage.
Wands
 c - a wand of iceblast (43)
 p - a wand of polymorph (34)
 q - a wand of digging (9)
 r - a wand of charming (14)
 u - a wand of flame (98)
 B - a wand of mindburst (24)
Scrolls
 b - 18 scrolls of teleportation
 g - 2 scrolls of immolation
 h - 5 scrolls of amnesia
 i - 8 scrolls of magic mapping
 o - 3 scrolls of fog
 v - a scroll of fear
 J - 2 scrolls of silence
 L - a scroll of holy word
 P - 2 scrolls of blinking
Potions
 a - 10 potions of ambrosia
 d - 5 potions of cancellation
 f - 4 potions of flight
 j - 4 potions of mutation
 n - 4 potions of lignification
 s - 6 potions of curing
 t - a potion of berserk rage
 w - 5 potions of haste
 x - a potion of heal wounds
 z - 6 potions of brilliance
 E - 2 potions of might
 H - a potion of invisibility
 I - 3 potions of resistance
Miscellaneous
 D - a phantom mirror
 F - a phial of floods
 K - a tin of tremorstones (2/2)
 M - a box of beasts
 N - a condenser vane


   Skills:
 - Level 12.3(15.0) Fighting
 + Level 11.9 Dodging
 - Level 2.6 Stealth
 - Level 9.1(12.0) Unarmed Combat
 + Level 13.3(15.9) Spellcasting
 - Level 12.0(14.6) Conjurations
 - Level 2.0(4.2) Hexes
 - Level 4.0 Necromancy
 - Level 12.3(15.0) Transmutations
 - Level 2.2(5.6) Ice Magic
 - Level 18.3(22.0) Earth Magic
 - Level 5.7(8.7) Poison Magic
 - Level 10.0 Evocations


You had 3 spell levels left.
You knew the following spells:

 Your Spells              Type           Power      Damage    Failure   Level
a - Shatter               Erth           50%        3d38*     26%         9
d - Iron Shot             Conj/Erth      46%        9d9       1%          6
e - Petrify               Tmut/Erth      92%        N/A       0%          4
f - Lehudib's Crystal Sp  Conj/Erth      46%        10d11     8%          8
g - Dragon Form           Tmut           41%        N/A       3%          7
h - Statue Form           Tmut/Erth      61%        N/A       1%          6
i - Cause Fear            Hex            23%        N/A       3%          4

Your spell library contained the following spells:

 Spells                   Type           Power      Damage    Failure   Level
 Magic Dart               Conj           100%       1d8       0%          1
 Searing Ray              Conj           100%       3d7       0%          2
 Stone Arrow              Conj/Erth      100%       3d13      0%          3
 Animate Skeleton         Necr           92%        N/A       1%          1
 Apportation              Tloc           50%        N/A       1%          1
 Foxfire                  Conj/Fire      100%       2x1d9     1%          1
 Pain                     Necr           100%       1d9       1%          1
 Ensorcelled Hibernation  Hex/Ice        100%       N/A       1%          2
 Static Discharge         Conj/Air       61%        N/A       1%          2
 Conjure Flame            Conj/Fire      61%        6-21      1%          3
 Dazzling Flash           Conj/Hex       100%       N/A       1%          3
 Frozen Ramparts          Ice            100%       1d12      1%          3
 Ignite Poison            Fire/Tmut/Pois 63%        N/A       1%          3
 Ozocubu's Armour         Ice            54%        N/A       1%          3
 Spider Form              Tmut/Pois      37%        N/A       1%          3
 Vampiric Draining        Necr           23%        2d9       1%          3
 Inner Flame              Hex/Fire       37%        N/A       2%          3
 Gell's Gravitas          Tloc           12%        N/A       5%          3
 Lesser Beckoning         Tloc           25%        N/A       5%          3
 Teleport Other           Tloc           25%        N/A       5%          3
 Lee's Rapid Deconstruct  Erth           50%        3d25*     0%          5
 Fulminant Prism          Conj/Hex       33%        3d16      1%          4
 Ice Form                 Ice/Tmut       70%        N/A       1%          4
 Iskenderun's Mystic Bla  Conj/Tloc      61%        2d13      1%          4
 Leda's Liquefaction      Hex/Erth       39%        N/A       1%          4
 Sticky Flame             Conj/Fire      61%        2d8       1%          4
 Alistair's Intoxication  Tmut/Pois      50%        N/A       1%          5
 Blade Hands              Tmut           41%        N/A       1%          5
 Bolt of Magma            Conj/Fire/Erth 38%        4d16      1%          5
 Animate Dead             Necr           23%        N/A       4%          4
 Dispel Undead            Necr           46%        3d18      4%          4
 Summon Ice Beast         Ice/Summ       39%        N/A       6%          4
 Metabolic Englaciation   Hex/Ice        25%        N/A       8%          5
 Agony                    Necr           46%        N/A       11%         5
 Starburst                Conj/Fire      30%        6d9       13%         6
 Passage of Golubria      Tloc           N/A        N/A       17%         4
 Silence                  Hex/Air        18%        N/A       21%         5
 Simulacrum               Ice/Necr       25%        N/A       41%         6
 Invisibility             Hex            23%        N/A       47%         6
 Shadow Creatures         Summ           N/A        N/A       97%         6
 Dragon's Call            Summ           11%        N/A       100%        9
 Polar Vortex             Ice            27%        N/A       100%        9
 Animate Armour           Summ/Erth      Unusable   N/A       N/A         4

Dungeon Overview and Level Annotations

Branches:
Dungeon (15/15)            Temple (1/1) D:4            Lair (6/6) D:9
 Shoals (0/4) Lair:2       Spider (4/4) Lair:4        Slime (0/5) Lair:6
    Orc (2/2) D:11            Elf (0/3) Orc:2        Vaults (4/5) D:14
  Crypt (0/3) Vaults:3     Depths (0/5) D:15          Sewer (visited)
 WizLab (visited)

Altars:
Ashenzari
Cheibriados
Dithmenos
Elyvilon
Fedhas
Gozag
Hepliaklqana
Kikubaaqudgha
Makhleb
Nemelex Xobeh
Okawaru
Qazlal
Ru
Sif Muna
Trog
Uskayaw
Vehumet
Wu Jian
Xom
Yredelemnul
Zin
The Shining One

Shops:
D:3 !   D:4 =   Orc:2 *(*?   Vaults:1 (   Vaults:2 !

Portals:
Trove: D:11 (give 16 potions of curing)

Annotations:
Lair:1 2 transporters, lupus83's ghost, journeyman GnCj
Lair:4 exclusion: 4 oklob plants
Vaults:2 3 runed translucent doors, Baqim's ghost, adept MiBe; Ucis's ghost, adept GrEE
Vaults:4 2 runed translucent doors, Kec Pezu's ghost, veteran DjVM; Plog's ghost, adept DDFi


Innate Abilities, Weirdness & Mutations

You are a fearsome dragon!
You have a powerful clawing attack.
Your giant scaled body is strong and resiliant, but less evasive.
You can breathe fire.
You are flying.
Your maximum health is greatly increased.
((You have sharp claws.))
((You have razor-sharp teeth.))
You have supernaturally acute eyesight. (SInv)
((You cover ground quickly. (Speed+)))
((Your thick and shaggy fur keeps you warm. (AC +3, rC+)))
((Your paws help you pounce on unaware monsters.))
You are incapable of wielding weapons or throwing items.
You cannot wear armour.
You gain extra lives every three experience levels.


Message History

Casting: Iron Shot (mildly dangerous; 1% risk of failure)
Confirm with . or Enter, or press ? or * to list all spells.
Aiming: Iron Shot (mildly dangerous; 1% risk of failure)
Press: ? - help, Shift-Dir - straight line, f/p - vault warden
Aim: a vault warden, wielding a +0 great mace and wearing a +0 chain mail (heavily wounded, 75% to hit)
The iron shot misses the vault warden.
The vault warden hits you with a +0 great mace!
* * * LOW HITPOINT WARNING * * *
Casting: Iron Shot (mildly dangerous; 1% risk of failure)
Confirm with . or Enter, or press ? or * to list all spells.
Aiming: Iron Shot (mildly dangerous; 1% risk of failure)
Press: ? - help, Shift-Dir - straight line, f/p - vault warden
Aim: a vault warden, wielding a +0 great mace and wearing a +0 chain mail (heavily wounded, 75% to hit)
The iron shot misses the vault warden.
The iron shot hits the yaktaur!!!
You kill the yaktaur!
The vault warden hits you with a +0 great mace!
* * * LOW HITPOINT WARNING * * *
Casting: Iron Shot (mildly dangerous; 1% risk of failure)
Confirm with . or Enter, or press ? or * to list all spells.
Casting: Cause Fear (mildly dangerous; 3% risk of failure)
Press: ? - help, Dir - look around, f - activate The vault warden easily resists.
The yaktaur looks frightened!
The vault warden hits you with a +0 great mace!!
* * * LOW HITPOINT WARNING * * *
You feel much better.
The vault warden hits you with a +0 great mace!!
* * * LOW HITPOINT WARNING * * *
Casting: Cause Fear (mildly dangerous; 3% risk of failure)
Confirm with . or Enter, or press ? or * to list all spells.
Aiming: Iron Shot (mildly dangerous; 1% risk of failure)
Press: ? - help, Shift-Dir - straight line, f - vault warden
Aim: a vault warden, wielding a +0 great mace and wearing a +0 chain mail (heavily wounded, 75% to hit)
The iron shot hits the vault warden!!!
You kill the vault warden!
The yaktaur wields a +0 arbalest.
The yaktaur shoots a bolt.
The bolt hits you!
* * * LOW HITPOINT WARNING * * *
As you read the scroll of fear, it crumbles to dust.
You assume a fearsome visage.
The yaktaur resists with some effort.
The yaktaur looks frightened!
The yaktaur shoots a bolt.
The bolt hits you!!
You die...

######### ##########
###############
##..#.....#D.### * *
###..#.....#).###
*,,, ,
###..#c....cc.### *
, , *
###..#######..### ,
, ,*
,,,..#...........###
*,,, , ,
..#....[....c.###
*,, ,, ,
,..#...........###
#......#
,,,..+..#######..###
#...<..# *+
###..#.....#..##
#......#


You could see 3 yaktaurs.

Vanquished Creatures
  Nikola (Vaults:1)
  2 liches (Vaults:2)
  The ghost of Yrishrysi the Brawler, an adept TrMo of Qazlal (Spider:3)
  A quicksilver dragon (Vaults:2)
  4 sphinxes
  The ghost of FIQ the Eclecticist, an adept DjFE of Gozag (Spider:4)
  Gastronok (D:8)
  2 shadow dragons (Vaults:2)
  A nagaraja (Vaults:2)
  Donald (Vaults:1)
  A tengu reaver (Vaults:2)
  4 fire giants
  A ghost moth (shapeshifter) (Vaults:3)
  An orc warlord (D:14)
  7 ghost moths
  11 vault wardens
  6 ironbound preservers
  3 emperor scorpions
  The ghost of papapa55 the Bludgeoner, a journeyman MiBe of Trog (Orc:2)
  A war gargoyle (Vaults:2)
  7 very ugly things
  Nessos (D:15)
  3 stone giants
  A deep elf demonologist (Vaults:4)
  8 entropy weavers
  A white draconian (Vaults:2)
  4 dire elephants
  2 spark wasps (Spider:4)
  4 ettins
  An eidolon (Vaults:3)
  2 deep elf death magi
  3 great orbs of eyes
  4 yaktaur captains
  Harold (D:8)
  A peacekeeper (Vaults:2)
  A deep elf high priest (Vaults:2)
  Fannar (D:11)
  7 vault guards
  An ogre mage (Vaults:1)
  Erolcha (D:11)
  6 ironbound frosthearts
  A catoblepas (Lair:3)
  9 two-headed ogres
  5 hydras
  2 death knights
  2 boulder beetles
  8 ironbound thunderhulks
  8 centaur warriors
  A merfolk avatar (Lair:6)
  6 tengu warriors
  A hell knight (Vaults:2)
  8 ironbound beastmasters
  Nergalle (Lair:1)
  5 skeletal warriors
  17 deep trolls
  12 lindwurms
  15 ironbound convokers
  A necromancer (Vaults:2)
  A glowing orange brain (Vaults:2)
  2 phantasmal warriors
  8 orc knights
  9 wizards
  A deep elf pyromancer (D:12)
  33 ugly things
  24 orb spiders
  A deep elf zephyrmancer (D:14)
  36 wolf spiders
  An orc sorcerer (Orc:2)
  6 manticores
  4 black mambas
  3 cyclopes
  2 moths of wrath
  14 vault sentinels
  A merfolk siren (Lair:2)
  10 elephants
  13 cane toads
  Psyche (D:8)
  3 torpor snails
  An elf skeleton (Vaults:2)
  Maggie (D:6)
  20 demonic crawlers
  26 yaktaurs
  3 rime drakes
  2 freezing wraiths
  A human zombie (Vaults:2)
  2 kobold demonologists (D:12)
  A tengu conjurer (D:14)
  8 komodo dragons
  A queen bee (D:12)
  3 meliai (D:12)
  9 trolls
  4 polar bears
  38 jumping spiders
  24 blink frogs
  A wind drake (Lair:6)
  Grinder (D:6)
  5 hornets
  20 slime creatures
  2 snapping turtles (Lair:6)
  6 dream sheep (Lair:6)
  A vampire (D:11)
  17 tarantellas
  66 redbacks
  An elf zombie (Vaults:2)
  7 wraiths
  27 yaks
  3 wyverns
  3 steam dragons
  12 vampire mosquitoes
  6 fire bats
  3 basilisks
  4 acid dragons
  10 wargs
  2 swamp drakes (Lair:6)
  15 water moccasins
  Duvessa (D:7)
  An ice beast (D:6)
  41 orc warriors
  Purgy (Sewer)
  A hornet zombie (D:5)
  2 sky beasts (D:7)
  2 necrophages
  3 black bears
  13 ogres
  4 wolves
  A boggart (Vaults:1)
  31 centaurs
  A phantom (D:7)
  5 kobold brigands
  11 bullfrogs
  A gnoll sergeant (D:6)
  A wyvern zombie (D:7)
  Dowan (D:7)
  4 scorpions
  2 wyvern skeletons (D:7)
  19 killer bees
  3 wights (D:7)
  2 electric eels
  3 howler monkeys (D:8)
  4 centaur zombies
  2 lava snakes (Lair:2)
  4 hounds
  A jelly (D:7)
  13 orc priests
  A gnoll shaman (D:6)
  2 iguanas
  23 orc wizards
  A killer bee zombie (D:8)
  A howler monkey zombie (D:5)
  7 gnolls
  A river rat (D:4)
  9 adders
  2 white imps
  4 ufetubi
  3 worms (Lair:4)
  2 dart slugs
  81 orcs
  4 ball pythons
  6 endoplasms
  15 giant cockroaches
  8 goblins
  2 hobgoblins (D:2)
  9 jackals
  4 quokkas
  7 bats (D:1)
  3 frilled lizards
  18 kobolds
  11 rats
1144 creatures vanquished.

Vanquished Creatures (collateral kills)
  An elephant (Lair:6)
  A hornet (Lair:6)
2 creatures vanquished.

Vanquished Creatures (others)
  An orc knight (Vaults:1)
  2 redbacks
  47 fungi
  58 plants
108 creatures vanquished.

Grand Total: 1254 creatures vanquished

Notes
Turn   | Place    | Note
-------+----------+-------------------------------------------
     0 | D:1      | GordonOverkill the Felid Necromancer began the quest for
                  | the Orb.
     0 | D:1      | Reached XP level 1. HP: 7/7 MP: 4/4
   840 | D:1      | Reached skill level 1 in Fighting
   912 | D:1      | Reached XP level 2. HP: 11/12 MP: 4/6
  2393 | D:1      | Reached XP level 3. HP: 7/16 MP: 1/8
  3006 | D:2      | Found a faded altar of an unknown god.
  3128 | D:2      | Learned a level 3 spell: Vampiric Draining
  4647 | D:2      | Found a faded altar of an unknown god.
  4920 | D:3      | Found Buileot's Distillery.
  4928 | D:3      | Bought a potion of lignification for 36 gold pieces
  4944 | D:3      | Reached XP level 4. HP: 19/20 MP: 7/9
  4978 | D:3      | Found an ancient bone altar of Kikubaaqudgha.
  5256 | D:3      | Found a sacrificial altar of Ru.
  5613 | D:4      | Identified a scroll of acquirement
  5613 | D:4      | Acquired the ring "Riner" {rElec rPois rF+ rCorr Int+6}
  5771 | D:4      | Noticed a scorpion
  5774 | D:4      | Killed a scorpion
  5775 | D:4      | Reached XP level 5. HP: 24/24 MP: 3/11
  5892 | D:4      | Acquired 726 gold pieces
  5983 | D:4      | Found a glowing drain.
  6158 | Sewer    | Entered a sewer
  6360 | Sewer    | Noticed Purgy
  6367 | Sewer    | Learned a level 2 spell: Ensorcelled Hibernation
  6384 | Sewer    | Killed Purgy
  6385 | Sewer    | Reached skill level 1 in Hexes
  6385 | Sewer    | Gained mutation: You are covered in thick fur. (AC +2)
                  | [Felid growth]
  6385 | Sewer    | Reached XP level 6. HP: 28/28 MP: 0/13
  6626 | D:4      | Found Vacist's Jewellery Shop.
  6682 | D:4      | Reached skill level 1 in Ice Magic
  7135 | D:4      | Found a staircase to the Ecumenical Temple.
  7149 | Temple   | Entered the Ecumenical Temple
  7336 | Temple   | Became a worshipper of Ashenzari the Shackled
  7753 | D:4      | Bought an amulet of regeneration for 360 gold pieces
  7788 | D:5      | Entered Level 5 of the Dungeon
  7867 | D:5      | Learned a level 6 spell: Iron Shot
  8250 | D:5      | Reached XP level 7. HP: 33/33 MP: 10/14
  8418 | D:5      | Reached skill level 1 in Conjurations
  8418 | D:5      | Reached skill level 1 in Earth Magic
  9191 | D:5      | Noticed a yak
  9193 | D:5      | Noticed a yak
  9194 | D:5      | Noticed a yak
  9195 | D:5      | Noticed a yak
  9197 | D:5      | Noticed a yak
  9310 | D:5      | Killed a yak
  9311 | D:5      | Reached skill level 5 in Fighting
  9311 | D:5      | Reached skill level 5 in Spellcasting
  9311 | D:5      | Reached skill level 2 in Earth Magic
  9367 | D:5      | Killed a yak
  9368 | D:5      | Reached XP level 8. HP: 37/37 MP: 0/16
 10754 | D:4      | Reached skill level 3 in Earth Magic
 11147 | D:4      | Reached skill level 4 in Earth Magic
 12070 | D:6      | Reached skill level 5 in Conjurations
 12158 | D:6      | Reached skill level 5 in Earth Magic
 12266 | D:6      | Noticed Maggie
 12304 | D:6      | Killed Maggie
 12305 | D:6      | Reached XP level 9. HP: 35/40 MP: 0/17
 12798 | D:6      | Identified the +5 short sword "Cylaont" {vorpal, *Slow
                  | rPois rC+ Will++}
 12881 | D:6      | Identified the +0 robe of Qalat {-Tele rElec Stlth+
                  | Archmagi}
 13126 | D:6      | Reached skill level 6 in Earth Magic
 13298 | D:6      | Noticed Grinder
 13469 | D:6      | Reached * piety under Ashenzari
 13469 | D:6      | Reached ** piety under Ashenzari
 14183 | D:7      | Noticed Duvessa
 14186 | D:7      | Noticed Dowan
 14194 | D:7      | Killed Duvessa
 14266 | D:7      | Killed Dowan
 14485 | D:7      | Noticed a troll
 14516 | D:7      | Reached skill level 7 in Earth Magic
 15344 | D:7      | Killed a troll
 15673 | D:7      | Identified the +6 hand axe of Deuskom {flame, rF+++ Str+5
                  | Int-3}
 15746 | D:8      | Noticed Psyche
 16050 | D:8      | Reached XP level 10. HP: 33/39 MP: 20/20
 16134 | D:8      | Killed Psyche
 16334 | D:8      | Reached skill level 8 in Earth Magic
 16553 | D:8      | Noticed Harold
 16568 | D:8      | Slain by Harold
 16569 | D:8      | Reached XP level 9. HP: -4/42 MP: 15/19
 17004 | D:9      | Found a staircase to the Lair.
 18467 | D:8      | Noticed Gastronok
 19319 | D:8      | Reached skill level 9 in Earth Magic
 19488 | D:8      | Noticed a two-headed ogre
 19535 | D:8      | Killed a two-headed ogre
 19536 | D:8      | Reached XP level 10. HP: 46/46 MP: 0/20
 20093 | D:8      | Identified the cursed ring "Ruined With Me" {rC+, Alch,
                  | Self} (You found it on level 4 of the Dungeon)
 20337 | D:9      | Acquired 928 gold pieces
 20428 | D:9      | Found a staircase to the Lair.
 21057 | D:10     | Entered Level 10 of the Dungeon
 21077 | D:10     | Identified the +8 quarterstaff "Ashatef" {holy, Int+3
                  | Dex+4}
 21129 | D:10     | Found an iron altar of Okawaru.
 21129 | D:10     | Found a hazy altar of Hepliaklqana.
 21241 | D:10     | Noticed a manticore
 21253 | D:10     | Reached skill level 1 in Evocations
 21330 | D:10     | Killed a manticore
 21861 | D:11     | Found a portal to a secret trove of treasure.
 21864 | D:11     | Noticed a two-headed ogre
 21868 | D:11     | Killed a two-headed ogre
 22408 | D:11     | Noticed Fannar
 22413 | D:11     | Killed Fannar
 22414 | D:11     | Reached skill level 10 in Conjurations
 22438 | D:11     | Reached skill level 10 in Earth Magic
 22922 | D:11     | Killed by miscasting Iron Shot
 22923 | D:11     | Reached XP level 9. HP: -4/42 MP: 14/19
 22927 | D:11     | Reached XP level 10. HP: 26/46 MP: 7/20
 23103 | D:11     | Noticed a cyclops
 23215 | D:11     | Killed a cyclops
 23216 | D:11     | Reached skill level 5 in Evocations
 24073 | D:11     | Noticed a manticore
 24077 | D:11     | Killed a manticore
 24665 | D:11     | Found a staircase to the Orcish Mines.
 25091 | D:12     | Noticed a sixfirhy
 25603 | D:12     | Noticed a soul eater
 26174 | D:12     | Noticed a deep elf pyromancer
 26188 | D:12     | Noticed a manticore
 26192 | D:12     | Killed a manticore
 26319 | D:12     | Killed a deep elf pyromancer
 26320 | D:12     | Reached XP level 11. HP: 50/50 MP: 16/23
 26381 | D:12     | Noticed a death knight
 26587 | Lair:1   | Entered Level 1 of the Lair of Beasts
 26832 | D:8      | Killed Gastronok
 27971 | Lair:1   | Reached *** piety under Ashenzari
 27971 | Lair:1   | Reached **** piety under Ashenzari
 28472 | Lair:1   | Noticed Nergalle
 28490 | Lair:1   | You fall into a shaft and drop 1 floor!
 28891 | Lair:2   | Reached skill level 11 in Earth Magic
 29214 | Lair:2   | Found a staircase to the Shoals.
 29744 | Lair:1   | Reached skill level 12 in Earth Magic
 29911 | Lair:1   | Found a transporter.
 29917 | Lair:1   | Found a transporter.
 29924 | Lair:1   | Noticed lupus83's ghost (journeyman GnCj)
 29924 | Lair:1   | Identified the +1 pair of boots of the Furies {+Blink rC-
                  | Dex+2}
 30231 | Lair:1   | Killed Nergalle
 30232 | Lair:1   | Gained mutation: Your thick and shaggy fur keeps you warm.
                  | (AC +3, rC+) [Felid growth]
 30232 | Lair:1   | Reached XP level 12. HP: 58/58 MP: 3/26
 31012 | Lair:1   | Found a transporter.
 31026 | Lair:1   | Found a transporter.
 31613 | Lair:2   | Identified Sif Muna's Grimoire of the Ensnaring Mountains
 32503 | Lair:2   | Reached skill level 13 in Earth Magic
 32508 | Lair:2   | Learned a level 4 spell: Petrify
 34144 | Lair:3   | Noticed an eight-headed hydra
 34147 | Lair:3   | Killed an eight-headed hydra
 34564 | Lair:3   | Found a basalt altar of Yredelemnul.
 35333 | Lair:3   | Noticed a catoblepas
 35341 | Lair:3   | Killed a catoblepas
 36050 | Lair:4   | Noticed a six-headed hydra
 36050 | Lair:4   | Noticed a six-headed hydra
 36052 | Lair:4   | Killed a six-headed hydra
 36053 | Lair:4   | Reached skill level 5 in Dodging
 36579 | Lair:3   | Reached XP level 13. HP: 48/63 MP: 9/28
 37915 | Lair:4   | Reached ***** piety under Ashenzari
 37915 | Lair:4   | Reached ****** piety under Ashenzari
 37925 | Lair:4   | Learned a level 8 spell: Lehudib's Crystal Spear
 38121 | Lair:4   | Found a hole to the Spider Nest.
 39970 | Lair:6   | Entered Level 6 of the Lair of Beasts
 41171 | Lair:6   | Reached skill level 14 in Earth Magic
 41398 | Lair:6   | Found a staircase to the Slime Pits.
 44314 | D:6      | Killed Grinder
 45058 | D:8      | Killed Harold
 47007 | D:12     | Reached XP level 14. HP: 69/69 MP: 19/33
 48331 | D:13     | Reached skill level 10 in Spellcasting
 48707 | D:13     | Found a stormy altar of Qazlal.
 49419 | D:13     | Upgraded the game from 0.28-a0-268-g3f656e82c2 to
                  | 0.28-a0-309-gf6d37e6e1d
 49609 | D:14     | Found a gate to the Vaults.
 49676 | D:14     | Slain by a death knight
 49677 | D:14     | Reached XP level 13. HP: 0/64 MP: 22/32
 49710 | D:14     | Reached skill level 15 in Earth Magic
 51194 | D:14     | Found an iron altar of Okawaru.
 51210 | D:14     | Reached skill level 1 in Transmutations
 51762 | D:14     | Found the +7 sceptre of Torment {pain, torment}
 51816 | D:15     | Entered Level 15 of the Dungeon
 52148 | D:15     | Found a staircase to the Depths.
 52148 | D:15     | Noticed a stone giant
 52156 | D:15     | Killed a stone giant
 52292 | D:15     | Noticed Nessos
 52302 | D:15     | Killed Nessos
 52505 | D:15     | Reached XP level 14. HP: 69/69 MP: 27/34
 54615 | D:15     | Found a staircase to the Depths.
 54823 | Orc:1    | Entered Level 1 of the Orcish Mines
 54828 | Orc:1    | Noticed Erolcha
 55049 | D:11     | Learned a level 7 spell: Dragon Form
 55120 | D:11     | Killed Erolcha
 55417 | Orc:1    | Reached skill level 5 in Transmutations
 55751 | Orc:2    | Entered Level 2 of the Orcish Mines
 55962 | Orc:2    | Found a runed translucent door.
 57132 | Orc:2    | Noticed papapa55's ghost (journeyman MiBe)
 57137 | Orc:2    | Found a staircase to the Elven Halls.
 57705 | Orc:2    | Found Miroabic's General Store.
 57716 | Orc:2    | Found Nica's Antique Weapon Emporium.
 57716 | Orc:2    | Found Iteor's General Store.
 57718 | Orc:2    | Found Wiemm's Magic Scroll Boutique.
 57948 | Orc:2    | Bought a scroll of fear for 52 gold pieces
 57948 | Orc:2    | Bought a scroll of magic mapping for 52 gold pieces
 57948 | Orc:2    | Bought a scroll of acquirement for 780 gold pieces
 57948 | Orc:2    | Bought a scroll of amnesia for 52 gold pieces
 59272 | Orc:2    | Killed papapa55's ghost
 59404 | Orc:2    | Found a staircase to the Elven Halls.
 59506 | Orc:2    | Found Wiemm's Magic Scroll Boutique.
 59650 | Orc:2    | Found Nica's Antique Weapon Emporium.
 59650 | Orc:2    | Found Iteor's General Store.
 59653 | Orc:2    | Found Miroabic's General Store.
 60232 | D:11     | Acquired a book of Sloth
 60242 | D:11     | Learned a level 6 spell: Statue Form
 60461 | Spider:1 | Entered Level 1 of the Spider Nest
 60700 | Lair:4   | Learned a level 4 spell: Cause Fear
 60804 | Lair:4   | Reached skill level 10 in Fighting
 61642 | Spider:1 | Reached XP level 15. HP: 76/76 MP: 2/36
 63327 | Spider:2 | Reached skill level 10 in Transmutations
 64123 | Spider:2 | Reached skill level 1 in Unarmed Combat
 65292 | Spider:3 | Acquired an amulet of magic regeneration
 65386 | Spider:3 | Noticed a ghost moth
 65503 | Spider:3 | Killed a ghost moth
 65750 | Spider:3 | Noticed a ghost moth
 65786 | Spider:3 | Killed a ghost moth
 66039 | Spider:3 | Noticed a ghost moth
 66058 | Spider:3 | Killed a ghost moth
 66200 | Spider:3 | Reached skill level 5 in Unarmed Combat
 66487 | Spider:3 | Identified the +1 robe "Fuzxuk" {Fly rElec rF- Dex-2}
 66728 | Spider:3 | Found a large runed translucent door.
 66728 | Spider:3 | Found a large runed translucent door.
 66729 | Spider:3 | Noticed Yrishrysi's ghost (adept TrMo)
 67206 | Spider:3 | Killed Yrishrysi's ghost
 67617 | Spider:4 | Entered Level 4 of the Spider Nest
 67880 | Spider:3 | Reached skill level 1 in Poison Magic
 68510 | Spider:3 | Reached XP level 16. HP: 78/78 MP: 16/34
 70822 | Spider:4 | Got a gossamer rune of Zot
 70882 | Spider:4 | Found a runed translucent door.
 70885 | Spider:4 | Noticed FIQ's ghost (adept DjFE)
 71129 | Spider:4 | Killed FIQ's ghost
 71130 | Spider:4 | Reached skill level 16 in Earth Magic
 71537 | Vaults:1 | Entered Level 1 of the Vaults
 71762 | Vaults:1 | Found a magical portal.
 71767 | WizLab   | Entered Wucad Mu's Monastery
 72145 | Vaults:1 | Reached skill level 5 in Poison Magic
 72146 | Vaults:1 | Noticed Nikola
 72603 | Vaults:1 | Found Addeifecva's Weapon Boutique.
 72830 | Vaults:1 | Reached XP level 17. HP: 81/81 MP: 14/36
 73029 | Vaults:1 | Reached skill level 10 in Dodging
 75080 | Vaults:1 | Noticed Donald
 75092 | Vaults:1 | Killed Donald
 75873 | Vaults:1 | Killed Nikola
 77116 | Vaults:2 | Found Pewk's Distillery.
 77123 | Vaults:2 | Bought a potion of haste for 180 gold pieces
 77123 | Vaults:2 | Bought a potion of curing for 54 gold pieces
 77123 | Vaults:2 | Bought a potion of haste for 180 gold pieces
 77123 | Vaults:2 | Bought a potion of haste for 180 gold pieces
 77123 | Vaults:2 | Bought 2 potions of haste for 360 gold pieces
 77123 | Vaults:2 | Bought a potion of cancellation for 144 gold pieces
 77123 | Vaults:2 | Bought a potion of mutation for 144 gold pieces
 77123 | Vaults:2 | Bought a potion of invisibility for 144 gold pieces
 77123 | Vaults:2 | Bought a potion of heal wounds for 90 gold pieces
 77123 | Vaults:2 | Bought a potion of heal wounds for 90 gold pieces
 77136 | Vaults:2 | Identified the +7 dagger "Grim Tooth" {venom, Fragile rCorr
                  | Int-5 Dex+5}
 77316 | Vaults:2 | Found a runed translucent gate.
 77316 | Vaults:2 | Found a runed translucent gate.
 77316 | Vaults:2 | Found a runed translucent gate.
 77317 | Vaults:2 | Found an ancient bone altar of Kikubaaqudgha.
 77317 | Vaults:2 | Noticed a lich
 77317 | Vaults:2 | Noticed Ucis's ghost (adept GrEE)
 77317 | Vaults:2 | Identified the ring of Disaster {+Blink Dex+2 Slay+4}
 77317 | Vaults:2 | Noticed a lich
 77318 | Vaults:2 | Noticed a dread lich
 77318 | Vaults:2 | Noticed Baqim's ghost (adept MiBe)
 77318 | Vaults:2 | Identified the +1 helmet "Beezin" {Will+ rCorr}
 78626 | Vaults:2 | Noticed a quicksilver dragon
 78639 | Vaults:2 | Killed a quicksilver dragon
 78640 | Vaults:2 | Reached XP level 18. HP: 89/89 MP: 4/38
 78710 | Vaults:2 | Learned a level 9 spell: Shatter
 79210 | Vaults:2 | Killed a lich
 79211 | Vaults:2 | Reached skill level 17 in Earth Magic
 79213 | Vaults:2 | Killed a lich
 79417 | Vaults:2 | Shot with a bolt by a yaktaur captain
 79418 | Vaults:2 | Reached XP level 17. HP: -17/110 MP: 3/37
 80555 | Vaults:2 | Identified the +1 ring mail of the Grue {rF+ Stlth+}
 80735 | Vaults:2 | Found Pewk's Distillery.
 81679 | Vaults:3 | Found a staircase to the Crypt.
 81792 | Vaults:3 | Found a flickering gateway to a bazaar.
 81978 | Vaults:3 | HP: 4/110 [yaktaur captain/bolt (25)]
 81978 | Vaults:3 | Shot with a bolt by a yaktaur captain
 81979 | Vaults:3 | Reached XP level 16. HP: -1/105 MP: 27/36
 82305 | Vaults:3 | Identified the amulet of Omoyg {Acrobat *Corrode rElec
                  | Int+4}
 82308 | Vaults:3 | Identified Fuhet's Disquisition on the Snowflakes
 82779 | Vaults:3 | Reached skill level 10 in Evocations
 83229 | Vaults:3 | Reached XP level 17. HP: 6/85 MP: 18/37
 83593 | Vaults:3 | Reached skill level 18 in Earth Magic
 85729 | Vaults:4 | Found a large runed translucent door.
 85729 | Vaults:4 | Found a large runed translucent door.
 85732 | Vaults:4 | Noticed Kec Pezu's ghost (veteran DjVM)
 85732 | Vaults:4 | Noticed Plog's ghost (adept DDFi)
 87020 | Vaults:4 | Shot with a bolt by a yaktaur

Illustrated notes

Levels and vault maps discovered:
D:1:      amcnicky_arrival_flooded_fountain, layout_loops_corners
D:2:      minmay_roachtagon, layout_basic, basic_ecumenical_altar
D:3:      layout_rooms, nicolae_ru_sacrificial_ziggurat,
          nicolae_kikubaaqudgha_miasma_corner, serial_shops, shop
D:4:      minmay_wonky_spiral, layout_basic, temple_hall, portal_sewer_entry_a,
          serial_shops, nicolae_shop_waterfront
D:5:      layout_loops_ring, grunt_decor_mini_mirrors
D:6:      layout_gridville, uniq_maggie, uniq_grinder
D:7:      minmay_clustersquares, layout_loops_ring, uniq_duvessa
D:8:      layout_basic, uniq_gastronok, uniq_harold, uniq_psyche
D:9:      layout_grid_maze, erik_lair_orcish_takeover, feat_on_display
D:10:     layout_basic, mainiacjoe_overflow_large_starburst
D:11:     layout_basic, david_orc_4, nicolae_trove_entry_isolated, uniq_fannar
D:12:     layout_long_grid, special_room [special_room_bee]
D:13:     layout_rooms, amcnicky_mini_pool_small,
          nicolae_qazlal_general_emergency
D:14:     layout_small_grid, david_vaults_1, okawaru_gym_becter
D:15:     grunt_enter_depths_snipers, layout_loops_ring, uniq_nessos
Temple:   regret_index_temple_mists
Lair:1:   layout_loops_ring, gammafunk_ghost_berserking_beasts,
          beast_lair_carwin_4, uniq_nergalle
Lair:2:   layout_gridlike, minmay_shoals_entry_lonely_mermaid
Lair:3:   layout_layer_cave, basic_altar, small_statue_intersection,
          grunt_megastairs_3
Lair:4:   layout_cave_pods, nicolae_spider_entry_non_spiders,
          serial_bayou_shore_b, minmay_lair_oklob_chamber, lemuel_fruit_tree
Lair:5:   layout_long_grid, grunt_megastairs_2
Lair:6:   gammafunk_lair_ancient_temple, layout_gridlike, slime_dummy,
          minivault_25, chequers_serial_rivers_room_b, minmay_hedge_maze,
          guppyfry_lair_drakes
Spider:1: layout_spider_delve
Spider:2: layout_spider_delve
Spider:3: layout_spider_delve, ebering_ghost_disaster_area,
          nicolae_spider_not_touching_you
Spider:4: grunt_spider_rune_island, gammafunk_ghost_grave,
          hangedman_spider_tarantella_strand
Orc:1:    layout_caves, uniq_erolcha
Orc:2:    st_orc_rangers, layout_caves, ebering_ghost_reflecting_pool
Vaults:1: dpeg_vaults_monster_row, vaults_room_grid, nicolae_vaults_rhombus_7,
          hangedman_vaults_cutoff, nicolae_vaults_theta,
          nicolae_vaults_ring_of_whatevers, nicolae_vaults_little_squares_6,
          v_misc_2, layout_vaults_quadrants, mu_enter_wizlab_1, serial_shops,
          nicolae_shop_behind_doors, uniq_donald, uniq_nikola
Vaults:2: gammafunk_vaults_ghost_crypt, st_greater_box_2, grunt_vaults_funnel,
          v_pattern_4, v_misc_24, ontoclasm_vaults_decontamination,
          grunt_vaults_hallway_long, ontoclasm_vaults_twist, v_rooms_4,
          vaults_room_stairs_pillars, v_alt_pattern_3, layout_vaults_maze_bifur,
          serial_shops, nicolae_shop_waterfront
Vaults:3: vaults_dpeg_encased_lava, hangedman_vaults_slice, v_misc_22,
          vaults_room_hangedman_quadrants, minmay_crypt_entry_simple_walls,
          hangedman_vaults_maws, ontoclasm_vaults_spin, v_misc_8,
          hangedman_vaults_snaps, nicolae_vaults_little_squares_4,
          nicolae_vaults_rhombus_5, ontoclasm_vaults_pinch, vaults_room_hallway,
          layout_vaults_big_room, serial_shops, bzr_entry_road
Vaults:4: advil_vaults_ghost_guards, v_pattern_1, hangedman_vaults_slither,
          v_misc_12, vaults_dpeg_diagonal, hangedman_vaults_nails,
          hangedman_vaults_capsules, v_alt_pattern_3, v_misc_10,
          ontoclasm_vaults_idyll, vaults_room_pools, layout_vaults_omnicross

Skill      XL: |  1  2  3  4  5  6  7  8  9 10 11 12 13 14 15 16 17 18 |
---------------+-------------------------------------------------------+-----
Fighting       | 1 2 3 4 5 6 7 8 10 12 | 12.3
Spellcasting   | 3 4 5 6 7 11 10 12 13 | 13.3
Hexes          | 1 2 |  2.0
Ice Magic      | 2 |  2.2
Conjurations   | 3 5 9 10 11 12 | 12.0
Earth Magic    | 2 5 9 10 12 13 15 16 18 17 | 18.3
Evocations     | 5 10 9 7 | 10.0
Dodging        | 5 6 9 11 | 11.9
Transmutations | 3 7 11 12 | 12.3
Unarmed Combat | 5 8 9 |  9.1
Poison Magic   | 1 5 |  5.7
Stealth        | |  2.6
Necromancy     | |  4.0

Action                   |  1- 3 |  4- 6 |  7- 9 | 10-12 | 13-15 | 16-18 || total
-------------------------+-------+-------+-------+-------+-------+-------++-------
Melee: Unarmed           |     1 |    17 |   424 |    32 |   191 |   219 ||   884
       Bite              |       |       |    46 |     1 |    21 |    24 ||    92
       Tailslap          |       |       |       |       |     2 |    16 ||    18
       Punch             |       |       |       |       |       |     9 ||     9
 Cast: Pain              |   103 |    98 |   263 |    94 |     1 |       ||   559
       Vampiric Draining |       |    10 |    90 |    58 |     1 |       ||   159
       Ensorcelled Hiber |       |     6 |       |       |     5 |       ||    11
       Iron Shot         |       |       |     9 |   203 |   676 |   634 ||  1522
       Petrify           |       |       |       |     4 |     2 |       ||     6
       Statue Form       |       |       |       |       |    59 |    61 ||   120
       Lehudib's Crystal |       |       |       |       |     1 |     2 ||     3
       Dragon Form       |       |       |       |       |     1 |    50 ||    51
       Cause Fear        |       |       |       |       |     1 |     3 ||     4
Invok: Curse Item        |       |       |     1 |     1 |     1 |     1 ||     4
       Shatter the Chain |       |       |       |       |     1 |       ||     1
 Abil: End Transformatio |       |       |       |       |     2 |     7 ||     9
Evoke: Wand              |       |       |     2 |     3 |    66 |    38 ||   109
       Phantom mirror    |       |       |       |       |     4 |     2 ||     6
       Tin of tremorston |       |       |       |       |       |     3 ||     3
       Condenser vane    |       |       |       |       |       |     1 ||     1
       Box of beasts     |       |       |       |       |       |     1 ||     1
       Phial of floods   |       |       |       |       |       |     1 ||     1
  Use: Scroll            |     5 |     5 |       |     4 |     9 |    10 ||    33
       Potion            |     1 |     2 |     5 |     8 |       |    12 ||    28
 Stab: Sleeping          |       |     3 |     3 |     1 |       |       ||     7
       Paralysed         |       |       |       |       |    30 |       ||    30
       Invisible         |       |       |       |       |       |     3 ||     3
       Distracted        |       |       |       |       |       |     1 ||     1
Armor: Skin              |     3 |    10 |    56 |    22 |   584 |   316 ||   991
Dodge: Dodged            |    35 |    60 |   567 |   182 |  1128 |   761 ||  2733

Table legend: (Time is in decaauts)
 A = Elapsed time spent in this place.
 B = Non-inter-level travel time spent in this place.
 C = Inter-level travel time spent in this place.
 D = Time resting spent in this place.
 E = Time spent auto-exploring this place.
 F = Levels seen in this place.
 G = Mean time per level.
                   A        B        C        D        E       F      G
               +--------+--------+--------+--------+--------+-----+--------+
         Total |  83782 |  80704 |   3078 |  47100 |  17441 |  34 | 2464.2 |
       Dungeon |  36831 |  35085 |   1746 |  19493 |   8175 |  15 | 2455.4 |
        Temple |    219 |    187 |     32 |      0 |    166 |   1 |  219.0 |
          Lair |  15937 |  15308 |    629 |  10044 |   3313 |   6 | 2656.2 |
   Spider Nest |  10813 |  10584 |    229 |   6248 |   2032 |   4 | 2703.2 |
  Orcish Mines |   4414 |   4295 |    119 |   2729 |    865 |   2 | 2207.0 |
        Vaults |  15087 |  14765 |    322 |   8286 |   2842 |   4 | 3771.8 |
         Sewer |    354 |    354 |      0 |    241 |     45 |   1 |  354.0 |
        Wizlab |    124 |    124 |      0 |     58 |      0 |   1 |  124.0 |
               +--------+--------+--------+--------+--------+-----+--------+

Top non-repeatable levels by time:
Vaults:1: 5296 daAuts
Vaults:2: 4564 daAuts
    D:11: 4394 daAuts
  Lair:4: 3352 daAuts
Vaults:3: 3331 daAuts
Spider:2: 3331 daAuts
  Lair:1: 3220 daAuts
     D:8: 3185 daAuts
     D:9: 3173 daAuts
     D:4: 3048 daAuts
Spider:4: 3003 daAuts
   Orc:2: 2998 daAuts
     D:5: 2803 daAuts
     D:1: 2765 daAuts
Spider:3: 2588 daAuts
